 Dungeon Crawl Stone Soup version 0.30-a0-457-g4b7bca3bfa (webtiles) character file.

Game seed: 18370745442005608543

60 Hubris850 the Chiller (level 4, -5/30 HPs)
             Began as a Merfolk Ice Elementalist on Dec 12, 2022.
             Slain by a gnoll
             ... wielding a +0 flail
              (10 damage)
             ... on level 2 of the Dungeon.
             The game lasted 00:04:15 (1116 turns).

Hubris850 the Chiller (Merfolk Ice Elementalist)    Turns: 1116, Time: 00:04:17

Health: -5/30      AC:  3    Str: 10    XL:     4   Next: 6%
Magic:  5/8        EV: 13    Int: 14    God:
Gold:   50         SH:  0    Dex: 14    Spells: 4/8 levels left

rFire   . . .      SeeInvis .    b - +4 sling
rCold   . . .      Faith    .    (no shield)
rNeg    + . .      Spirit   .    f - +0 robe
rPois   .          Reflect  .    m - +0 helmet
rElec   .          Harm     .    (no cloak)
rCorr   .          Rampage  .    (no gloves)
Will    .....                    (no boots)
Stlth   ++........               (no amulet)
HPRegen 0.25/turn                k - ring of positive energy
MPRegen 0.11/turn                n - ring of flight

@: flying
A: (nimble swimmer 2), mertail
a: no special abilities


You were on level 2 of the Dungeon.
You visited 1 branch of the dungeon, and saw 2 of its levels.

You collected 50 gold pieces.

Inventory:

Hand Weapons
 a - a +0 short sword
 b - a +4 sling (weapon)
 e - a +0 club
Missiles
 i - 8 poisoned darts
Armour
 f - a +0 robe (worn)
 m - a +0 helmet (worn)
Jewellery
 h - an amulet of faith
 k - a ring of positive energy (left hand)
 n - a ring of flight (right hand)
Scrolls
 d - 2 scrolls of identify {unknown}
 p - a scroll of enchant weapon {unknown}
 q - a scroll of summoning {unknown}
Potions
 c - a potion of flight {unknown}
 g - a potion of curing {unknown}
 j - a potion of degeneration {unknown}
 l - a potion of magic
 o - a potion of mutation {unknown}
 r - a potion of berserk rage {unknown}


   Skills:
 - Level 3.5 Dodging
 - Level 3.0 Stealth
 + Level 2.7 Spellcasting
 + Level 4.9 Ice Magic


You had 4 spell levels left.
You knew the following spells:

 Your Spells              Type           Power      Damage    Failure   Level
a - Freeze                Ice            60%        1d7       3%          1
b - Frozen Ramparts       Ice            30%        1d5       9%          3

Your spell library contained the following spells:

 Spells                   Type           Power      Damage    Failure   Level
 Ozocubu's Armour         Ice            15%        N/A       9%          3
 Summon Ice Beast         Ice/Summ       8%         N/A       63%         4


Dungeon Overview and Level Annotations

Branches:
Dungeon (2/15)

Altars:


Innate Abilities, Weirdness & Mutations

((You are very nimble when in or above water. (Stealth+, EV+, Speed+++)))
Your lower body shifts to a powerful aquatic tail in water.


Message History

You shoot a sling bullet.
The sling bullet misses the frilled lizard.
The frilled lizard barely misses you.
You shoot a sling bullet.
The sling bullet hits the frilled lizard!
You kill the frilled lizard!
No target in view!
You see here a frilled lizard corpse.
You shoot a sling bullet. The sling bullet hits the gnoll.
The gnoll is moderately wounded.
You shoot a sling bullet. The sling bullet hits the gnoll.
The gnoll is severely wounded.
The gnoll throws a stone.
The stone hits you.
The gnoll throws a stone.
The stone hits you.
You shoot a sling bullet. The sling bullet hits the gnoll.
You kill the gnoll!
Training target 3.5 for Dodging reached!
Training target 3.0 for Stealth reached!
Your Stealth skill increases to level 3!
You shoot a sling bullet.
The sling bullet hits the gnoll but does no damage.
You shoot a sling bullet. The sling bullet hits the gnoll!
The gnoll is severely wounded.
The gnoll misses you.
You shoot a sling bullet.
The sling bullet closely misses the gnoll.
You shoot a sling bullet. The sling bullet hits the gnoll.
You kill the gnoll!
The gnoll hits you with a +0 flail. The gnoll hits you with a +0 flail!
* * * LOW HITPOINT WARNING * * *
You have reached level 4!
Casting: Freeze (safe; 3% risk of failure)
Confirm with . or Enter, or press ? or * to list all spells.
Aiming: Freeze (safe; 3% risk of failure)
Press: ? - help, Shift-Dir - straight line, f - gnoll
Aim: a gnoll, wielding a +0 flail You freeze the gnoll.
The gnoll is moderately wounded.
The gnoll hits you with a +0 flail!
You die...

#################
###.......#.......##
..................#
#.#####.#.##.....#
... #†#.##.##..#
#.##.##.#.##.##..#
#...)@..#........#
####g#######.#.#.#
#) #.#...# ### #.
#.###.###.. #. ..#
#...... #. ###
#.###.> .. #..####
.. ##.# #.#


You could see a gnoll.

Vanquished Creatures
  3 gnolls (D:2)
  2 dart slugs
  A bat (D:1)
  5 endoplasms
  2 giant cockroaches (D:2)
  3 goblins (D:1)
  6 ball pythons
  A frilled lizard (D:2)
  2 kobolds (D:1)
  3 rats
28 creatures vanquished.

Notes
Turn   | Place    | Note
-------+----------+-------------------------------------------
     0 | D:1      | Hubris850 the Merfolk Ice Elementalist began the quest for
                  | the Orb.
     0 | D:1      | Reached XP level 1. HP: 13/13 MP: 3/3
   297 | D:1      | Reached XP level 2. HP: 19/19 MP: 5/5
   911 | D:2      | Reached XP level 3. HP: 24/24 MP: 6/6
   975 | D:2      | Learned a level 3 spell: Frozen Ramparts
  1116 | D:2      | Reached XP level 4. HP: 5/30 MP: 6/8
  1116 | D:2      | Slain by a gnoll

Illustrated notes

Levels and vault maps discovered:
D:1:      minmay_arrival_checkered_box, layout_basic
D:2:      layout_loops_cross, lightli_corner_chamber

Skill      XL: |  1  2  3 |
---------------+----------+-----
Dodging        | 3 |  3.5
Stealth        | 3 |  3.0
Spellcasting   | |  2.7
Ice Magic      | |  4.9

Action                   |  1- 3 |  4- 6 || total
-------------------------+-------+-------++-------
Melee: Short sword       |    33 |       ||    33
 Fire: Sling             |    26 |       ||    26
Throw: Dart              |     2 |       ||     2
 Cast: Freeze            |    10 |     1 ||    11
 Stab: Sleeping          |     2 |       ||     2
Armor: Robe              |     9 |       ||     9
Dodge: Dodged            |    31 |       ||    31

Table legend: (Time is in decaauts)
 A = Elapsed time spent in this place.
 B = Non-inter-level travel time spent in this place.
 C = Inter-level travel time spent in this place.
 D = Time resting spent in this place.
 E = Time spent auto-exploring this place.
 F = Levels seen in this place.
 G = Mean time per level.
                   A        B        C        D        E       F      G
               +--------+--------+--------+--------+--------+-----+--------+
         Total |   1122 |   1082 |     40 |     99 |    661 |   2 |  561.0 |
       Dungeon |   1122 |   1082 |     40 |     99 |    661 |   2 |  561.0 |
               +--------+--------+--------+--------+--------+-----+--------+

Top non-repeatable levels by time:
     D:1: 823 daAuts
     D:2: 298 daAuts
